Cogmind - Beta 13 @@@ ROGUE MODE // 2024.04.01 @ 00:16:29 Player: Andru7428 Result: Self-destructed Performance ------------- Evolutions (5) 2500 Regions Visited (12) 2400 Robots Destroyed (94) 470 Value Destroyed (2919) 2919 Prototype IDs (14) 280 Alien Tech Used (0) 0 Bonus (952) 952 TOTAL SCORE: 9521 Bonus ------- High Alert Combat Kills 200 Follower Combat Kills 612 Entered DSFs 500 Friendly Fire -360 Cogmind --------- Core Integrity 750/1000 Matter 127/300 Energy 100/100 System Corruption 3% Temperature Cool (0) Movement Flying (60) Location -5/Factory Parts ------- > --- POWER (1) -------- (None) > --- PROPULSION (5) --- Armored Medium Treads Nuclear Pulse Thruster > --- UTILITY (9) ------ Experimental Heat Sink Experimental Heat Sink Experimental Heat Sink Advanced Terrain Scan Processor Advanced Targeting Computer Advanced Targeting Computer Advanced Melee Analysis Suite Hacking Suite Improved Hacking Suite > --- WEAPON (2) ------- Lance > --- INVENTORY (5) ---- Experimental Heat Sink Medium Storage Unit Large Storage Unit Compact Matter Pod (0) Mini Grenade Launcher Peak State ------------ > --- POWER ------------ Fusion Compressor > --- PROPULSION ------- Nuclear Pulse Thruster Nuclear Pulse Thruster Nuclear Pulse Thruster Nuclear Pulse Thruster > --- UTILITY ---------- Experimental Heat Sink Experimental Heat Sink Experimental Heat Sink Experimental Heat Sink Advanced Terrain Scan Processor Advanced Targeting Computer Advanced Targeting Computer Advanced Targeting Computer Hacking Suite > --- WEAPON ----------- Proton Missile Launcher Lance > --- INVENTORY -------- Large Storage Unit Compact Matter Pod Advanced Beam Rifle Mini Grenade Launcher [Rating: 80] Favorites ----------- Power Cooled Ion Engine Engine Cooled Ion Engine Power Core Light Fission Core Propulsion Light Treads Treads Light Treads Flight Unit Xenon Bombardment Thruster Utility Hacking Suite Device Cooling System Storage Large Storage Unit Processor Improved Targeting Computer Hackware Hacking Suite Protection Improved Light Armor Plating Weapon Improved Medium Laser Energy Gun Improved Medium Laser Ballistic Gun Light Assault Rifle Launcher Mini Grenade Launcher Slashing Weapon Makeshift Axe Piercing Weapon Lance Build | -11 -10 -10 -9 -8 -7 -7 -6 -6 -6 -6 -6 -5 ------- Run | Yrd Mat Min Mat Mat Fac DSF Fac Ext Cet Arc Hub Fac Slots Evolved 10 | . . . 2 2 2 . 2 . . . . 2 Power . | . . . . . . . . . . . . . Propulsion 3 | . . . . . 2 . . . . . . 1 Utility 7 | . . . 2 2 . . 2 . . . . 1 Weapon . | . . . . . . . . . . . . . Parts Attached 147 | 7 6 12 19 51 2 11 5 11 . . . 23 Power 13 | 1 . 1 2 3 . 1 1 3 . . . 1 Engine 8 | 1 . 1 2 3 . . . 1 . . . . Core 5 | . . . . . . 1 1 2 . . . 1 Reactor . | . . . . . . . . . . . . . Propulsion 26 | 2 . . 3 7 2 5 1 1 . . . 5 Treads 15 | 2 . . 3 7 2 . . . . . . 1 Leg . | . . . . . . . . . . . . . Wheel . | . . . . . . . . . . . . . Hover . | . . . . . . . . . . . . . Flight 11 | . . . . . . 5 1 1 . . . 4 Utility 68 | 2 4 7 9 26 . 4 2 1 . . . 13 Device 34 | . 3 7 8 8 . . 1 . . . . 7 Storage 4 | 2 1 . . 1 . . . . . . . . Processor 9 | . . . 1 3 . . . . . . . 5 Hackware 7 | . . . . . . 4 1 1 . . . 1 Protection 14 | . . . . 14 . . . . . . . . Artifact . | . . . . . . . . . . . . . Weapon 40 | 2 2 4 5 15 . 1 1 6 . . . 4 Energy Gun 24 | 1 2 2 3 10 . 1 . 3 . . . 2 Energy Cannon . | . . . . . . . . . . . . . Ballistic Gun 2 | 1 . . . 1 . . . . . . . . Ballistic Cannon . | . . . . . . . . . . . . . Launcher 7 | . . 1 2 2 . . . 1 . . . 1 Special Weapon . | . . . . . . . . . . . . . Impact Weapon . | . . . . . . . . . . . . . Slashing Weapon 6 | . . 1 . 2 . . 1 2 . . . . Piercing Weapon 1 | . . . . . . . . . . . . 1 Special Melee Weapon . | . . . . . . . . . . . . . Unidentified Prototypes 11 | . 1 . 2 3 . . 1 1 . . . 3 Parts Lost 40 | . . . 2 15 . 1 . 10 2 3 2 5 Power 6 | . . . . 2 . . . 3 . . . 1 Propulsion 13 | . . . 1 4 . . . 2 2 1 . 3 Utility 12 | . . . 1 5 . 1 . 2 . 1 2 . Weapon 9 | . . . . 4 . . . 3 . 1 . 1 Highest Loss Streak 5 | . . . 1 5 . 1 . 4 5 2 2 2 To Critical Strikes . | . . . . . . . . . . . . . Average Slot Usage (%) 89 | . 99 100 99 96 84 73 82 83 46 33 16 70 Engine 7 | . 14 14 10 8 7 5 . . . . . . Core 1 | . . . . . . . 6 5 . . . 3 Treads 15 | . 28 28 21 17 30 5 . . . . . 2 Flight 6 | . . . . . . 21 26 25 13 . . 10 Device 14 | . 13 14 22 15 15 9 11 11 . . . 16 Storage 7 | . 14 14 11 9 7 . . . . . . . Processor 9 | . . . 11 20 . . . . . . . 21 Hackware 6 | . . . . . . 11 24 26 26 25 16 6 Protection 2 | . . . . 6 7 1 . . . . . . Energy Gun 14 | . 21 27 21 16 15 15 7 4 . . . . Ballistic Gun 1 | . 6 . . 1 . . . . . . . . Slashing Weapon 1 | . . . . . . . 5 5 6 6 . . Naked Turns . | . . . . . . . . . . . . . Heaviest Build 41 | 17 32 35 38 41 41 41 18 20 4 4 . 15 Greatest Support 80 | 40 40 40 40 40 80 80 24 23 17 6 3 24 Greatest Overweight (x) 1 | . . . . 1 . 1 . 1 . 1 . 1 Average Overweight (x) . | . . . . . . . . . . . . . Largest Inventory Capacity 15 | 8 15 15 15 15 15 15 5 5 5 5 5 5 Average Capacity 11 | 7 12 15 15 15 15 6 5 5 5 5 5 5 Most Carried 15 | 8 15 15 15 15 13 13 5 5 4 4 5 5 Average Carried 10 | 6 11 14 14 14 11 5 5 4 4 4 4 4 Final Capacity 15 | 8 15 15 15 15 15 5 5 5 5 5 5 5 Final Carried 15 | 8 15 15 15 14 12 5 5 4 4 4 5 5 Class Distribution -------------------- 71% | Mutant 20% | Hacker-Scout 5% | Hacker-Mutant Dominant Class ---------------- Mutant | -10/Materials Mutant | -10/Mines Mutant | -9/Materials Mutant | -8/Materials Scavenger-Skirmisher | -7/Factory Hacker-Scout | -7/DSF Hacker-Scout | -6/Factory Hacker-Scout | -6/Extension Hacker-Mutant | -6/Cetus Hacker-Mutant | -6/Archives Hacker-Mutant | -6/Hub_04(d) Mutant | -5/Factory Resources | -11 -10 -10 -9 -8 -7 -7 -6 -6 -6 -6 -6 -5 ----------- Run | Yrd Mat Min Mat Mat Fac DSF Fac Ext Cet Arc Hub Fac Matter Collected 2022 | 264 186 101 242 462 . 56 13 279 . . . 419 Remotely . | . . . . . . . . . . . . . Salvage Created 3962 | 114 139 198 518 1690 . 38 13 1010 . . . 242 Parts 212 | 7 6 12 34 88 . 5 3 45 . . . 12 Haulers Intercepted 9 | . 1 . 3 5 . . . . . . . . Recyclers Shooed 3 | 1 . . . 2 . . . . . . . . Parts Field Recycled . | . . . . . . . . . . . . . Retrieved Matter . | . . . . . . . . . . . . . Parts Self-Destructed . | . . . . . . . . . . . . . Prevented . | . . . . . . . . . . . . . Kills | -11 -10 -10 -9 -8 -7 -7 -6 -6 -6 -6 -6 -5 ------- Run | Yrd Mat Min Mat Mat Fac DSF Fac Ext Cet Arc Hub Fac Combat Hostiles Destroyed 73 | . 2 6 13 31 . 2 . 13 . . . 6 Melee 8 | . . . . . . . . 5 . . . 3 Guns 42 | . 2 4 7 24 . 2 . 3 . . . . AOE 22 | . . 2 5 7 . . . 5 . . . 3 Classes Destroyed 18 | 2 2 2 3 3 . 1 1 3 . . . 1 Builder 2 | . . . 1 1 . . . . . . . . Tunneler 1 | 1 . . . . . . . . . . . . Hauler 9 | . 1 . 3 5 . . . . . . . . Recycler 3 | 1 . . . . . . . 2 . . . . Mechanic 1 | . . . . 1 . . . . . . . . Operator 2 | . . . . . . . 1 1 . . . . Watcher 2 | . . . 2 . . . . . . . . . Swarmer 22 | . . 2 8 7 . . . 2 . . . 3 Cutter 2 | . . . . . . 2 . . . . . . Grunt 23 | . 2 2 1 14 . . . 4 . . . . Brawler 1 | . . . . 1 . . . . . . . . Duelist 2 | . . . 1 . . . . 1 . . . . Protector 1 | . . . . . . . . 1 . . . . Sentry 16 | . . 2 3 8 . . . 3 . . . . Hunter 1 | . . . . . . . . . . . . 1 Programmer 2 | . . . . . . . . . . . . 2 Heavy 1 | . . . . 1 . . . . . . . . Behemoth 1 | . . . . . . . . 1 . . . . Thug 1 | . . . . . . . . 1 . . . . Guerrilla 1 | . . . . . . . . 1 . . . . Best Kill Streak 7 | 2 2 2 4 7 . 2 1 3 . . . 3 Combat Bots Only 6 | . 2 2 3 6 . 2 . 3 . . . 3 Max Kills in Single Turn 3 | 1 1 2 3 3 . 1 1 2 . . . 2 Gunslinging 1 | . . . . 1 . . . . . . . . Exploded 3 | . . 2 3 3 . . . 2 . . . 2 Melee 1 | . . . . . . . . 1 . . . 1 Uniques/NPCs Destroyed . | . . . . . . . . . . . . . Combat | -11 -10 -10 -9 -8 -7 -7 -6 -6 -6 -6 -6 -5 -------- Run | Yrd Mat Min Mat Mat Fac DSF Fac Ext Cet Arc Hub Fac Hostile Shots Fired 518 | . 22 16 55 151 . 16 6 93 21 34 35 69 Missed 198 | . 8 7 17 34 . 7 4 50 11 15 21 24 Damage Taken 5964 | . 211 116 448 2495 . 173 62 638 269 454 227 871 Core 1637 | . 58 10 60 458 . . 13 31 215 359 183 250 Absorbed by Shields 70 | . . . . . . . 5 65 . . . . Core Remaining (%) 63 | 100 . 72 85 16 . 100 . . . . 5 . Volleys Fired 193 | 4 22 11 29 84 . 7 1 31 . . . 4 Largest 2 | 2 2 2 2 2 . 2 1 2 . . . 1 Hottest 122 | 60 112 112 112 122 . 122 61 122 . . . 39 Shots Fired 350 | 8 44 21 57 165 . 14 1 36 . . . 4 Gun 333 | 8 44 20 55 162 . 14 1 27 . . . 2 Cannon . | . . . . . . . . . . . . . Launcher 17 | . . 1 2 3 . . . 9 . . . 2 Special . | . . . . . . . . . . . . . Kinetic 23 | 4 16 . . 3 . . . . . . . . Thermal 265 | 4 28 20 55 114 . 14 1 27 . . . 2 Explosive 15 | . . 1 2 3 . . . 9 . . . . Electromagnetic 47 | . . . . 45 . . . . . . . 2 Robot Hit Streak 24 | 4 10 8 12 24 . 2 3 10 . . . 2 Robot Miss Streak 4 | . 3 3 2 3 . 4 . 3 . . . 1 Penetration Max . | . . . . . . . . . . . . . Secondary Targets 6 | . . 1 . 5 . . . . . . . . Max Gunslinging Chain 1 | . . 1 . 1 . . . . . . . . Shots Hit Robots 267 | 4 29 12 40 122 . 5 1 41 . . . 13 Core Hits 164 | 3 7 6 21 73 . 2 1 42 . . . 9 Critical Kills . | . . . . . . . . . . . . . Critical Parts Destroyed . | . . . . . . . . . . . . . Critical Strikes 17 | . 1 1 4 6 . 1 . 2 . . . 2 Burn 15 | . 1 1 4 6 . 1 . 1 . . . 1 Sever 1 | . . . . . . . . 1 . . . . Impale 1 | . . . . . . . . . . . . 1 Melee Attacks 129 | . . 2 . 3 . . 46 39 8 10 . 21 Impact . | . . . . . . . . . . . . . Slashing 108 | . . 2 . 3 . . 46 39 8 10 . . Piercing 21 | . . . . . . . . . . . . 21 Sneak Attacks 7 | . . . . . . . . 7 . . . . Combat Hostiles 2 | . . . . . . . . 2 . . . . Follow-up Attacks . | . . . . . . . . . . . . . Damage Inflicted 7973 | 43 333 384 970 3181 . 120 20 2304 . . . 618 Guns 4230 | 43 333 203 725 2401 . 120 20 362 . . . 23 Cannons . | . . . . . . . . . . . . . Explosions 2059 | . . 181 245 780 . . . 667 . . . 186 Melee 1684 | . . . . . . . . 1275 . . . 409 Ramming . | . . . . . . . . . . . . . Kinetic 148 | 10 81 . . 57 . . . . . . . . Thermal 3558 | 33 252 203 725 1820 . 120 20 362 . . . 23 Explosive 1486 | . . 181 245 393 . . . 667 . . . . Electromagnetic 1097 | . . . . 911 . . . . . . . 186 Impact . | . . . . . . . . . . . . . Slashing 1275 | . . . . . . . . 1275 . . . . Piercing 409 | . . . . . . . . . . . . 409 Highest Corruption 3 | . . . 1 . . . . . . . . 3 Average Corruption 1 | . . . 1 . . . . . . . . 1 Corruption Purged . | . . . . . . . . . . . . . Corruption Blocked . | . . . . . . . . . . . . . Effects 6 | . . . 5 . . . . . . . . 1 Message Errors 2 | . . . 2 . . . . . . . . . Heat Flow Errors 1 | . . . 1 . . . . . . . . . Parts Rejected 2 | . . . 1 . . . . . . . . 1 Misfires 1 | . . . 1 . . . . . . . . . Overload Shots . | . . . . . . . . . . . . . Overflow Damage 343 | . . 11 32 95 . . . 167 . . . 38 Projectiles . | . . . . . . . . . . . . . Explosions 144 | . . 11 32 95 . . . 6 . . . . Melee 199 | . . . . . . . . 161 . . . 38 Knockbacks . | . . . . . . . . . . . . . Impact . | . . . . . . . . . . . . . Kinetic . | . . . . . . . . . . . . . Secondary . | . . . . . . . . . . . . . Self-Inflicted Damage 223 | . . . . 223 . . . . . . . . Shots 5 | . . . . 5 . . . . . . . . Rammed 3 | . . . . 3 . . . . . . . . Targets Rammed 3 | . . . . 3 . . . . . . . . Kicked . | . . . . . . . . . . . . . Crushed . | . . . . . . . . . . . . . Highest Temperature 258 | 40 204 51 142 195 . . 16 258 . . . . Average Temperature 69 | 18 87 22 50 72 . . 10 64 . . . . Received Heat Transfer 1308 | . 123 18 72 693 . . 6 195 27 90 57 27 Effects 1 | . . . . . . . . 1 . . . . Interference 1 | . . . . . . . . 1 . . . . Siege Activations . | . . . . . . . . . . . . . Robots Corrupted . | . . . . . . . . . . . . . Combat Hostiles . | . . . . . . . . . . . . . Parts Fried 6 | . . . . 4 . . . 2 . . . . Impact Corruptions . | . . . . . . . . . . . . . Robots Melted 1 | . . . 1 . . . . . . . . . Combat Hostiles 1 | . . . 1 . . . . . . . . . Parts Melted 21 | . 1 2 11 3 . 1 . 3 . . . . Heat Transferred 8052 | 75 645 518 1850 3817 . 296 37 664 . . . 150 Parts Sabotaged . | . . . . . . . . . . . . . Parts Stolen . | . . . . . . . . . . . . . Parts Stripped . | . . . . . . . . . . . . . Power Chain Reactions 4 | . . . . 4 . . . . . . . . Alert | -11 -10 -10 -9 -8 -7 -7 -6 -6 -6 -6 -6 -5 ------- Run | Yrd Mat Min Mat Mat Fac DSF Fac Ext Cet Arc Hub Fac Peak Influence 693 | 10 71 127 259 693 280 226 493 668 254 158 218 303 Initial 275 | . 6 7 . 31 275 196 118 182 233 97 44 106 Average 223 | 2 12 53 119 373 276 205 257 376 238 138 146 181 Maximum Alert Level 2 | . . . 1 2 1 1 2 2 1 . 1 1 Low Security (%) 55 | 100 100 100 74 31 . 54 30 19 . 100 81 59 Level 1 24 | . . . 25 22 100 45 62 31 100 . 18 40 Level 2 19 | . . . . 46 . . 7 49 . . . . Level 3 . | . . . . . . . . . . . . . Level 4 . | . . . . . . . . . . . . . Level 5 . | . . . . . . . . . . . . . High Security . | . . . . . . . . . . . . . Max Security . | . . . . . . . . . . . . . Squads Dispatched 26 | . . 1 . 4 . 1 4 6 . . 3 7 Investigation 14 | . . 1 . 1 . . 3 3 . . 1 5 Extermination 1 | . . . . . . . . . . . . 1 Reinforcement 8 | . . . . 2 . 1 1 1 . . 2 1 Assault 3 | . . . . 1 . . . 2 . . . . Garrison . | . . . . . . . . . . . . . Intercept . | . . . . . . . . . . . . . Searches Triggered . | . . . . . . . . . . . . . Construction Impeded . | . . . . . . . . . . . . . Haulers Reinforced 1 | . . . . . . . . . . . . 1 Active Scanning Responses 5 | . . . . . . . 3 2 . . . . Cargo Convoy Interrupts . | . . . . . . . . . . . . . Stealth | -11 -10 -10 -9 -8 -7 -7 -6 -6 -6 -6 -6 -5 --------- Run | Yrd Mat Min Mat Mat Fac DSF Fac Ext Cet Arc Hub Fac Distress Signals 9 | . . . 1 2 . . 1 2 1 . 2 . Communications Jammed . | . . . . . . . . . . . . . Distress Signals . | . . . . . . . . . . . . . Times Spotted 205 | . 4 6 24 71 . 5 14 36 5 4 10 26 Peak Tracking Total 12 | . 2 3 4 8 . 3 7 6 5 4 9 12 Tactical Retreats 24 | . . . 1 4 . . 7 4 . . 2 6 Traps | -11 -10 -10 -9 -8 -7 -7 -6 -6 -6 -6 -6 -5 ------- Run | Yrd Mat Min Mat Mat Fac DSF Fac Ext Cet Arc Hub Fac Traps Triggered 7 | . . . 1 2 . 1 1 2 . . . . Indirectly . | . . . . . . . . . . . . . Trap Hack Attempts . | . . . . . . . . . . . . . Triggered . | . . . . . . . . . . . . . Disarmed . | . . . . . . . . . . . . . Reprogrammed . | . . . . . . . . . . . . . Reused . | . . . . . . . . . . . . . Traps Extracted . | . . . . . . . . . . . . . Installed . | . . . . . . . . . . . . . Triggered . | . . . . . . . . . . . . . Machines | -11 -10 -10 -9 -8 -7 -7 -6 -6 -6 -6 -6 -5 ---------- Run | Yrd Mat Min Mat Mat Fac DSF Fac Ext Cet Arc Hub Fac Machines Disabled 6 | . . 1 . 3 . . . 1 1 . . . Max in Single Turn 1 | . . . . 1 . . . 1 1 . . . Garrison Access 2 | . . . . . . . 2 . . . . . Machines Repaired . | . . . . . . . . . . . . . Machines Dismantled . | . . . . . . . . . . . . . Machines Sabotaged . | . . . . . . . . . . . . . Overloaded Fab Kills . | . . . . . . . . . . . . . Hacking | -11 -10 -10 -9 -8 -7 -7 -6 -6 -6 -6 -6 -5 --------- Run | Yrd Mat Min Mat Mat Fac DSF Fac Ext Cet Arc Hub Fac Machines Accessed 51 | . 5 1 5 4 2 . 7 13 3 . 4 7 Terminals 44 | . 5 . 5 4 2 . 5 13 3 . 4 3 Fabricators 4 | . . . . . . . . . . . . 4 Repair Stations . | . . . . . . . . . . . . . Recycling Units . | . . . . . . . . . . . . . Scanalyzers . | . . . . . . . . . . . . . Garrison Access 2 | . . . . . . . 2 . . . . . Total Hacks 153 | . 13 1 19 13 3 . 21 44 6 . 13 20 Successful 69 | . 4 1 8 4 2 . 7 22 5 . 8 8 Failed 84 | . 9 . 11 9 1 . 14 22 1 . 5 12 Catastrophic 18 | . 1 . 1 2 1 . 5 4 . . 1 3 Database Lockouts . | . . . . . . . . . . . . . Manual 73 | . 4 . 7 2 1 . 11 29 . . 9 10 Terminals 137 | . 13 . 19 13 3 . 15 44 6 . 13 11 Fabricators 9 | . . . . . . . . . . . . 9 Repair Stations . | . . . . . . . . . . . . . Recycling Units . | . . . . . . . . . . . . . Scanalyzers . | . . . . . . . . . . . . . Garrison Access 6 | . . . . . . . 6 . . . . . Terminal Hacks 51 | . 4 1 7 4 2 . 4 19 5 . 4 1 Record 6 | . . . . . . . . . 4 . 2 . Part Schematic 3 | . . . . . . . . 3 . . . . Robot Analysis 1 | . . . 1 . . . . . . . . . Prototype ID Bank 2 | . 1 . . 1 . . . . . . . . Open Door 8 | . . 1 . . . . 1 5 1 . . . Open DSF 1 | . . . . . 1 . . . . . . . Level Access Points 2 | . . . . 1 . . . . . . 1 . Branch Access Points 2 | . 1 . . . . . . . . . 1 . Terminal Index 2 | . . . . . . . 1 1 . . . . Alert Level 1 | . . . . . . . . 1 . . . . Unreport Threat 9 | . 1 . 2 . . . 1 5 . . . . Locate Traps 6 | . 1 . 2 1 . . 1 1 . . . . Patrol Status 1 | . . . . . . . . 1 . . . . Recall Investigation 1 | . . . . . . . . . . . . 1 Recall Assault 1 | . . . . . . . . 1 . . . . Hauler Manifests 1 | . . . 1 . . . . . . . . . Zone Layout 4 | . . . 1 1 1 . . 1 . . . . Fabricator Hacks 5 | . . . . . . . . . . . . 5 Load Schematic 3 | . . . . . . . . . . . . 3 Build 2 | . . . . . . . . . . . . 2 Repair Station Hacks . | . . . . . . . . . . . . . Recycling Unit Hacks . | . . . . . . . . . . . . . Scanalyzer . | . . . . . . . . . . . . . Garrison Access Hacks 2 | . . . . . . . 2 . . . . . Seal Access 2 | . . . . . . . 2 . . . . . Unauthorized Hacks 10 | . . . 1 . . . 1 3 . . 3 2 Terminals 10 | . . . 1 . . . 1 3 . . 3 2 Assimilate 2 | . . . . . . . . . . . . 2 Botnet 1 | . . . . . . . . 1 . . . . Detonate 3 | . . . . . . . . . . . 3 . Disrupt 1 | . . . . . . . . 1 . . . . Operators 3 | . . . 1 . . . 1 1 . . . . Fabricators . | . . . . . . . . . . . . . Repair Stations . | . . . . . . . . . . . . . Recycling Units . | . . . . . . . . . . . . . Scanalyzers . | . . . . . . . . . . . . . Garrison Access . | . . . . . . . . . . . . . Data Cores Recovered 1 | . . . . . . . 1 . . . . . Used 1 | . . . . . . . 1 . . . . . Hacking Detections 37 | . 5 . 5 3 1 . 4 8 1 . 3 7 Full Trace Events 6 | . . . . . . . . . . . 1 5 Feedback Events . | . . . . . . . . . . . . . Feedback Blocked . | . . . . . . . . . . . . . Robot Schematics Acquired . | . . . . . . . . . . . . . Robots Built . | . . . . . . . . . . . . . Authchips . | . . . . . . . . . . . . . Time . | . . . . . . . . . . . . . Total Robot Build Rating . | . . . . . . . . . . . . . Part Schematics Acquired 3 | . . . . . . . . 3 . . . . Parts Built 1 | . . . . . . . . . . . . 1 Authchips . | . . . . . . . . . . . . . Time 142 | . . . . . . . . . . . . 142 Total Part Build Rating 5 | . . . . . . . . . . . . 5 Parts Repaired . | . . . . . . . . . . . . . Time . | . . . . . . . . . . . . . Parts Recycled . | . . . . . . . . . . . . . Recycled Matter . | . . . . . . . . . . . . . Retrieved Matter . | . . . . . . . . . . . . . Retrieved Components . | . . . . . . . . . . . . . Parts Scanalyzed . | . . . . . . . . . . . . . Part Schematics Acquired . | . . . . . . . . . . . . . Parts Damaged . | . . . . . . . . . . . . . Bothacking | -11 -10 -10 -9 -8 -7 -7 -6 -6 -6 -6 -6 -5 ------------ Run | Yrd Mat Min Mat Mat Fac DSF Fac Ext Cet Arc Hub Fac Used RIF Installer . | . . . . . . . . . . . . . Robots Hacked . | . . . . . . . . . . . . . Non-combat . | . . . . . . . . . . . . . Combat . | . . . . . . . . . . . . . Robot Hacks Applied . | . . . . . . . . . . . . . Relay Couplers Released . | . . . . . . . . . . . . . Fabnet Peak Effective % . | . . . . . . . . . . . . . Robots Rewired 6 | . . . . . . . . 6 . . . . Allies Hacked 1 | . . . . . . . . . . . . 1 Hacks Repelled . | . . . . . . . . . . . . . Allies | -11 -10 -10 -9 -8 -7 -7 -6 -6 -6 -6 -6 -5 -------- Run | Yrd Mat Min Mat Mat Fac DSF Fac Ext Cet Arc Hub Fac Total Allies 15 | . . 2 . . . . . 12 . . . 1 Largest Group 6 | . . 2 . . . . . 6 . . . 1 Highest-Rated Group 280 | . . 43 . . . . . 280 . . . 10 Highest-Rated Ally 159 | . . 31 . . . . . 159 . . . 10 Total Orders 1 | . . . . . . . . 1 . . . . AID 1 | . . . . . . . . 1 . . . . Ally Attacks 146 | . . 13 . . . . . 133 . . . . Total Damage 3108 | . . 222 . . . . . 2886 . . . . Kills 24 | . . 1 . . . . . 23 . . . . Allies Corrupted 1 | . . . . . . . . 1 . . . . Allies Melted 1 | . . . . . . . . 1 . . . . Intel | -11 -10 -10 -9 -8 -7 -7 -6 -6 -6 -6 -6 -5 ------- Run | Yrd Mat Min Mat Mat Fac DSF Fac Ext Cet Arc Hub Fac Robot Analysis Total 1 | . . . 1 . . . . . . . . . Derelict Logs Recovered 1 | . . 1 . . . . . . . . . . Drone Launches . | . . . . . . . . . . . . . Drone Recoveries . | . . . . . . . . . . . . . Exploration | -11 -10 -10 -9 -8 -7 -7 -6 -6 -6 -6 -6 -5 ------------- Run | Yrd Mat Min Mat Mat Fac DSF Fac Ext Cet Arc Hub Fac Turns Passed 7201 | 122 825 883 775 2114 80 86 697 799 69 75 105 571 Spaces Moved 6661 | 63 449 502 385 984 47 74 1616 1232 143 72 208 886 Core 540 | 8 . . . . . . . . . 40 208 284 Treads 2433 | 55 449 502 385 984 47 11 . . . . . . Legs . | . . . . . . . . . . . . . Wheels . | . . . . . . . . . . . . . Hover . | . . . . . . . . . . . . . Flight 3688 | . . . . . . 63 1616 1232 143 32 . 602 Fastest Speed 29 | 50 160 160 160 160 165 31 29 29 32 40 50 31 Average Speed 81 | 146 160 160 160 160 165 52 29 31 33 69 50 50 Slowest Speed 250 | 160 160 160 160 240 165 250 34 109 40 100 50 100 Overloaded Moves . | . . . . . . . . . . . . . Propulsion Burnouts . | . . . . . . . . . . . . . Robots Hopped 7 | . . . . . . . . 7 . . . . Cave-ins Triggered . | . . . . . . . . . . . . . Exploration Rate (%) 50 | 4 62 90 46 77 2 49 35 75 78 81 29 26 Regions Visited 12 Branch Regions 5 Pre-discovered Areas . | . . . . . . . . . . . . . Known Exits Taken 5 | . 1 . . 1 1 . 1 . . . 1 . Unknown Exits Taken 6 | 1 . 1 1 . . . . 1 1 1 . . Scrap Searched . | . . . . . . . . . . . . . Spaces Dug 60 | . . . . 3 . . 46 4 3 1 . 3 Terrain Destroyed 169 | . . 8 15 39 . . 46 54 3 1 . 3 Melee 60 | . . . . 3 . . 46 4 3 1 . 3 Projectile . | . . . . . . . . . . . . . AOE 109 | . . 8 15 36 . . . 50 . . . . Terrain Rammed . | . . . . . . . . . . . . . Walls Destroyed . | . . . . . . . . . . . . . Machines Disabled . | . . . . . . . . . . . . . Actions | -11 -10 -10 -9 -8 -7 -7 -6 -6 -6 -6 -6 -5 --------- Run | Yrd Mat Min Mat Mat Fac DSF Fac Ext Cet Arc Hub Fac Total 7898 | 83 526 558 489 1344 50 106 1790 1546 150 81 208 967 Wait 551 | . 12 19 27 173 . 1 102 201 . . . 16 Move 6638 | 62 448 501 384 983 46 73 1615 1220 142 71 207 886 Hop 4 | . . . . . . . . 4 . . . . Pick Up 90 | 10 20 6 15 25 1 4 1 1 . . 1 6 Fast Attach 50 | 5 1 . 2 7 . 8 3 4 . . . 20 Attach 36 | 2 1 . 4 19 2 2 . 3 . . . 3 Detach 14 | . 2 . 1 5 . 1 . 2 . . . 3 Swap 61 | . 4 12 13 25 . 1 2 4 . . . . Drop 75 | . 16 7 14 17 1 9 3 . . . . 8 Fire 193 | 4 22 11 29 84 . 7 1 31 . . . 4 Melee 129 | . . 2 . 3 . . 46 39 8 10 . 21 Ram . | . . . . . . . . . . . . . Kick . | . . . . . . . . . . . . . Crush 3 | . . . . 3 . . . . . . . . Escape Stasis 33 | . . . . . . . 17 16 . . . . Rewire 21 | . . . . . . . . 21 . . . . Trap . | . . . . . . . . . . . . . Miscellaneous . | . . . . . . . . . . . . . Route ------- -11/Scrapyard -10/Materials (discovered 4 exits: *Mat x2 / *Min x2) -10/Mines (discovered 2 exits: *Mat x2) -9/Materials (discovered 3 exits: *Mat x2 / [*Sto]) -8/Materials (discovered 3 exits: *Fac x3) -7/Factory -7/DSF -6/Factory (discovered 3 exits: *Fac / *Low / *Ext) -6/Extension (discovered 3 exits: *Fac x2 / *Cet) -6/Cetus -6/Archives (discovered 2 exits: *Hub x2) -6/Hub_04(d) (discovered 4 exits: *Fac x4) -5/Factory History --------- Turn | Location | Event 7 | -11/Scrapyard | Discovered new exit (range 16) 123 | -11/Scrapyard | Entered Materials 300 | -10/Materials | Build established: Mutant 324 | -10/Materials | Discovered new exit (range 16) 667 | -10/Materials | Discovered new exit (range 16) 685 | -10/Materials | Identified exit to Mines 948 | -10/Materials | Entered Mines 960 | -10/Mines | Discovered new exit (range 8) 969 | -10/Mines | Met a Derelict bent on vengeance 1103 | -10/Mines | A weapon hastily lodged in a ceiling crevice suddenly fell to the ground 1132 | -10/Mines | Learned Materials interactive machine intel 1192 | -10/Mines | Met a Derelict shopkeep closing up shop 1637 | -10/Mines | Discovered new exit (range 10) 1720 | -10/Mines | Excavation squad dispatched 1720 | -10/Mines | A large section of the Mines collapsed 1831 | -10/Mines | Entered Materials 1831 | -9/Materials | Evolved 2 slots: Utility x2 1832 | -9/Materials | Loaded intel: 18 interactive machine locations 2131 | -9/Materials | Discovered new exit (range 3) 2316 | -9/Materials | Discovered new exit (range 3) 2463 | -9/Materials | Discovered new exit (range 11) 2606 | -9/Materials | Entered another Materials area 2606 | -8/Materials | Evolved 2 slots: Utility x2 2910 | -8/Materials | Discovered new exit (range 20) 3622 | -8/Materials | Identified exit to Factory 4606 | -8/Materials | First assault squad dispatched 4646 | -8/Materials | Core integrity fell below 50% 4675 | -8/Materials | Core integrity fell below 20% 4700 | -8/Materials | Lost 5 parts (1p1n3u) 4705 | -8/Materials | Found Prototype Device 4705 | -8/Materials | Identified Active Sensor Suite 4720 | -8/Materials | Entered Factory 4720 | -7/Factory | Evolved 2 slots: Propulsion x2 4800 | -7/Factory | Identified exit to DSF 4800 | -7/Factory | Entered DSF 4852 | -7/DSF | Additional patrols routed to DSF 4881 | -7/DSF | Discovered new exit (range 15) 4885 | -7/DSF | Identified exit to Factory 4886 | -7/DSF | Entered Factory 4886 | -6/Factory | Evolved 2 slots: Utility x2 5099 | -6/Factory | Spotted B-75 Beast 5116 | -6/Factory | Build established: Hacker-Scout 5221 | -6/Factory | Discovered new exit (range 10) 5223 | -6/Factory | Identified exit to Lower Caves 5274 | -6/Factory | Discovered new exit (range 11) 5277 | -6/Factory | Identified exit to Factory 5582 | -6/Factory | Discovered new exit (range 6) 5583 | -6/Factory | Identified exit to Extension 5583 | -6/Factory | Entered Extension 5595 | -6/Extension | Rescued a captive Derelict 5606 | -6/Extension | Rescued a captive Derelict 5607 | -6/Extension | Rescued a captive Derelict 5758 | -6/Extension | Rescued A7 5899 | -6/Extension | Spotted B-75 Beast 5933 | -6/Extension | First assault squad dispatched 5946 | -6/Extension | Disrupted transfer network 6177 | -6/Extension | Extracted ID and sensor layout for unrecognized location from A7's data core 6178 | -6/Extension | Destroyed B-75 Beast 6182 | -6/Extension | Spotted B-75 Beast 6185 | -6/Extension | Discovered exit to Factory (range 3) 6210 | -6/Extension | Discovered new exit (range 16) 6210 | -6/Extension | Discovered exit to Factory (range 14) 6234 | -6/Extension | Rescued a captive Derelict 6237 | -6/Extension | Rescued a captive Derelict 6297 | -6/Extension | Lost 3 parts (1p1n1u) 6362 | -6/Extension | Lost 3 allies 6382 | -6/Extension | Entered Cetus 6388 | -6/Cetus | Spotted Cetus Guard 6388 | -6/Cetus | Spotted Cetus Guard 6388 | -6/Cetus | Spotted Cetus Guard 6388 | -6/Cetus | Spotted Cetus Guard 6422 | -6/Cetus | Lost 5 parts (1p1n1u2w) 6445 | -6/Cetus | Discovered new exit (range 16) 6451 | -6/Cetus | Entered Archives 6465 | -6/Archives | Unable to access archive contents 6466 | -6/Archives | Discovered new exit (range 16) 6472 | -6/Archives | Core integrity fell below 50% 6515 | -6/Archives | Discovered new exit (range 13) 6526 | -6/Archives | Entered Hub_04(d) 6526 | -6/Hub_04(d) | Discovered exit to Factory (range 10) 6557 | -6/Hub_04(d) | Core integrity fell below 20% 6631 | -6/Hub_04(d) | Entered Factory 6631 | -5/Factory | Evolved 2 slots: Propulsion x1, Utility x1 6719 | -5/Factory | Spotted B-75 Beast 6914 | -5/Factory | Build established: Mutant 6978 | -5/Factory | Fabricated Imp. Hacking Suite? 7202 | -5/Factory | Self-destructed Last Messages --------------- network. Dispatching investigation squad. 07131_ ALERT: Rogue bot located, Programmers report to Factory Zone 1T. 07132_ Connecting with Terminal... >>Recall(Investigation) Establishing remote squad link... Recalled investigation squad TXSWMJ8L9D. 07132_ ALERT: Suspicious activity at Terminal F019. Dispatching Investigation squad. 07135_ O-16 Technician: "IFF HANDSHAKE FAILED. SECURING TERMINAL." 07164_ Nuclear Reactor explodes. 07168_ The unstable cave ceiling collapses. 07170_ Destroyed Imp. Remote Datajack. 07176_ P-70 Sage destroyed. 07178_ Acquired 46 matter. 07193_ P-70 Sage suffers critical hit (Impale). 07193_ Destroyed Tesla Rifle. 07198_ Fusion Compressor destroyed. 07200_ Nuclear Pulse Thruster destroyed. Map ----- +----------------------------------------------------+ | ???????????????# # #?######????# | | ?????????????"?# # #???????????# | | ???????????""" # ##??????????# ###### | | ???????????""" #########??# ?????# | | ???????# #????# | | ???????+ """ #########??##?????# | | ???????????""" # ##?????????????????# | | ???????????????# ! ! #??????????????????# | | ???????????????# # #??????????????????# | | ???????????????### ## #??########?????????#### | | ???????????############## #? =#????????????? | | ?????????? !#? #????????????? | | ?????????? # #????????????? | | ?????????? # #????????????? | | ?????????? / #????????????? | | ???????????##### """ # !!#????????????? | | ???????????????# """ # !!#????????????? | | ???????????????# """ #? #????????????? | | ???????????????# """ ##+########????????????? | | ???????????????# #T #????????????????? | | ???????????????+ ??????????? | | ???????????????# #####g#####g########????????????? | | ????????????????????# #??????????????????? | | ????????????????????# p #??????????????????? | | ????????????????????# """ #??????????????????? | | ????????????????????# @""" #??????????????????? | | ????????????????????# """ """ #??????????????????? | | ????????????????????# "Y #??????????????????? | | ????????????????????# """ #??????????????????? | | ????????????????????# #??????????????????? | | ????????????????????###########??????????????????? | | ?????????????????????????????????????????????????? | | ?????????????????????????????????????????????????? | | ?????????????????????????????????????????????????? | | ?????????????????????????????????????????????????? | | ?????????????????????????????????????????????????? | | ?????????????????????????????????????????????????? | | ?????????????????????????????????????????????????? | | ?????????????????????????????????????????????????? | | ?????????????????????????????????????????????????? | | ?????????????????????????????????????????????????? | | ?????????????????????????????????????????????????? | | ####/#???????????????????????????????????????????? | | #???????????????????????????????????????????? | | #???????????????????????????????????????????? | | #???????????????????????????????????????????? | | #???????????????????????????????????????????? | | #???????????????????????????????????????????? | | #???????????????????????????????????????????? | | #???????????????????????????????????????????? | +----------------------------------------------------+ Best States ------------- Heat Dissipation 144 Energy Generation 25 Energy Capacity 280 Matter Stores 300 Matter Capacity 300 Sight Range 20 Robot Scan Range 20 Terrain Scan Density 210 Armor Coverage 300 Evasion (%) 74 Targeting Accuracy 24 Melee Accuracy 8 Recoil Reduction 4 Offensive Hacking 30 Defensive Hacking 22 Item Schematics ----------------- Cld. VTOL Module | -6/Extension | Hacked Imp. Hacking Suite | -6/Extension | Hacked Imp. System Shield | -6/Extension | Hacked Robot Schematics ------------------ None Fabricated ------------ Imp. Hacking Suite | x1 | -5/Factory Alien Tech Used ----------------- None Achievements -------------- None Challenges ------------ None Game ------ Seed AssembledSeismicWeb Manual? 0 Play Time 01:49:07 Cumulative 171.7 hours Start 2024.03.31 @ 15:51:21 End 2024.04.01 @ 00:16:29 Sessions 4 Manual Loads 0 Difficulty Rogue Special Mode None Game No. 130 Rogue 130 Adventurer 0 Explorer 0 Win Type - Total 3 Types 3/0/0/0/0/0/0/0/0 Lore% 59 Gallery% 69 Achievement% 60 Wizard Run 0 Options --------- Layout 1 ASCII 0 Keyboard 1 Movement Numpad Keybinds 0 Fullscreen 2 Font 24/Smallcaps Map View 50x35 Zoom Use 0% Tactical HUD 1 Map Filters NONE Filters NONE Steam 1 RUN: 7b2d5d12-20c6-49db-9f1c-561e78128158